Match 21928379
Unlisted

Match 21928379
End
Construct Barracks
1⁄4-ton 4x4 Truck
Riflemen Squad
Riflemen Squad
Riflemen Squad
Infantry Support Center
Construct Motor Pool
M1 Anti-tank Gun Team
Construct Weapon Support Center
Survival Training
M3 Armored Personnel Carrier
Selects Advanced Infantry Battlegroup
Selects Artillery Observers
Selects M2A1 105mm Howitzer Emplacement
Selects Free Fire Drills
M1 Anti-tank Gun Team
Engineer Squad
Advanced Logistics
Selects Convert to Ranger Squad
Engineer Squad
Construct Tank Depot
Selects Designate Assault Position
M18 Hellcat Tank Destroyer
Selects Infantry Assault
Infantry Assault
Infantry Assault
Riflemen Squad
M1918 Browning Automatic Rifles
Infantry Assault
M3 Armored Personnel Carrier
Grenade Package
M4(105) Sherman Bulldozer
Riflemen Squad
Infantry Assault
Designate Assault Position
M4(105) Sherman Bulldozer
Riflemen Squad
Riflemen Squad
墨书
Society is a Lie
DOLA
kuzu1
Emir Solmaz
kerem
0
0

Comments sign in to comment!

No comments posted yet!